 Dungeon Crawl Stone Soup version 0.26.0-15-gc6cd9f700b (webtiles) character file.

Game seed: 10839429654304408973

179 RaHiT the Sneak (level 5, 0/36 HPs)
             Began as an Octopode Delver on Jan 16, 2021.
             Splashed by a jelly's acid (8 damage)
             ... on level 4 of the Dungeon.
             The game lasted 00:23:15 (3096 turns).

RaHiT the Sneak (Octopode Delver)                   Turns: 3096, Time: 00:23:17

Health: 0/36       AC: -3    Str: 11    XL:     5   Next: 59%
Magic:  6/6        EV: 15    Int: 20    God:
Gold:   138        SH:  0    Dex: 13    Spells: 1/6 levels left

rFire    . . .     SeeInvis .   r - +0 dagger (venom)
rCold    . . .     Faith    .   (no shield)
rNeg     . . .     Spirit   .   (helmet restricted)
rPois    .         Reflect  .   (no amulet)
rElec    .         Harm     .   u - +6 ring of intelligence
rCorr    .         Rampage  .   w - ring of willpower
Will     +....                  (no ring)
Stlth    ++++......             (no ring)
HPRegen  0.12/turn              (no ring)
MPRegen  0.10/turn              (no ring)
                                (no ring)
                                (no ring)

@: corroded
A: almost no armour, stealthy swim, amphibious, 8 rings, constrict 8, camouflage
1, gelatinous body 1
a: no special abilities


You were on level 4 of the Dungeon.
You visited 1 branch of the dungeon, and saw 5 of its levels.

You collected 138 gold pieces.

Inventory:

Hand Weapons
 r - a +0 dagger of venom (weapon)
Missiles
 h - 106 stones
 k - 20 arrows
 q - 18 poisoned darts (quivered)
Jewellery
 u - a +6 ring of intelligence (left tentacle)
 w - a ring of willpower (right tentacle)
Wands
 e - a wand of digging (1)
 v - a wand of random effects (17)
Scrolls
 a - 2 scrolls of fog
 c - a scroll of fear
 g - 2 scrolls of teleportation
 i - 2 scrolls of remove curse
 l - 2 scrolls of enchant armour
 o - a scroll of immolation {unknown}
 t - a scroll of noise {unknown}
Potions
 b - a potion of ambrosia
 d - a potion of heal wounds
 f - 2 potions of attraction
 j - a potion of might {unknown}
 m - 3 potions of haste
 n - a potion of brilliance {unknown}
 p - 2 potions of lignification {unknown}
 s - a potion of curing {unknown}


   Skills:
 * Level 3.1 Fighting
 - Level 4.0 Dodging
 - Level 7.0 Stealth
 - Level 2.0 Unarmed Combat
 - Level 1.0 Spellcasting
 - Level 1.0 Transmutations
 - Level 1.0 Earth Magic
 + Level 2.6 Evocations


You had one spell level left.
You knew the following spells:

 Your Spells              Type           Power        Failure   Level
a - Petrify               Tmut/Erth      5%           75%         4
o - Apportation           Tloc           2%           17%         1

Your spell library contained the following spells:

 Spells                   Type           Power        Failure   Level
 Animate Skeleton         Necr           2%           17%         1
 Corona                   Hex            1%           17%         1
 Pain                     Necr           4%           17%         1
 Summon Small Mammal      Summ           4%           17%         1
 Confusing Touch          Hex            1%           45%         3
 Gell's Gravitas          Tloc           0%           45%         3
 Vampiric Draining        Necr           0%           45%         3
 Animate Dead             Necr           0%           86%         4
 Yara's Violent Unravell  Hex/Tmut       1%           98%         5
 Agony                    Necr           1%           99%         5
 Metabolic Englaciation   Hex/Ice        0%           99%         5


Dungeon Overview and Level Annotations

Branches:
Dungeon (5/15)             Temple (0/1) D:4

Altars:
Dithmenos
Elyvilon
Hepliaklqana
Kikubaaqudgha
Qazlal
Trog
Vehumet
Wu Jian
Xom
Zin


Innate Abilities, Weirdness & Mutations

You cannot wear most types of armour.
You are very stealthy in the water. (Stealth+)
You are amphibious.
You can wear up to eight rings at the same time.
You can use your tentacles to constrict eight enemies at once.
Your skin changes colour to match your surroundings (Stealth+).
Your rubbery body absorbs attacks. (AC +1, EV +1)


Message History

You feel as though Xom is toying with you.
Suddenly, the walls become transparent!
As you open the door, it creaks loudly!
A jelly comes into view.
You hit the jelly.
Your tentacles burn!
The jelly is lightly wounded.
The jelly closely misses you.
You hit the jelly.
Your tentacles burn!
You squeeze the jelly!
The jelly is severely wounded.
The jelly closely misses you.
You hit the jelly.
Your tentacles burn!
You squeeze the jelly.
The jelly is almost dead.
The jelly hits you. The acid corrodes you!
You are splashed with acid.
You hit the jelly but do no damage.
Your tentacles burn!
* * * LOW HITPOINT WARNING * * *
The jelly is almost dead.
The jelly hits you.
* * * LOW HITPOINT WARNING * * *
You are splashed with acid!
You die...

#..##.##..##.##...# ##.......##.
..........##.##...####.........#.
....<................'.........+.
..........##.##...####.........#.
...#.##.#.##......# ##.......##.
....#.....#####.### ##.....###.
.###.##.### #†.# ##...## #.
.###.##.# ##.# ##'## ## ........#
#@# #.# ####.#### #J# #.# #.# #.#
##.## #.# ###.# ##...##### #.#
#...#######.....#... #.#
#..............#.... ####.#
#.........#......... .....#
#.........###.##.... ######
##'##+##+## #.###...


You could see a jelly.

Vanquished Creatures
  A howler monkey (D:4)
  A bullfrog skeleton (D:4)
  A worker ant (D:4)
  2 adders
  3 worms
  A dart slug (D:2)
  2 leopard geckos
  7 giant cockroaches
  5 goblins
  9 hobgoblins
  4 jackals (D:4)
  A quokka (D:3)
  A ball python (D:1)
  6 bats
  5 frilled lizards
  6 kobolds
  3 rats (D:1)
58 creatures vanquished.

Vanquished Creatures (others)
  Sigmund (D:4)
  A centaur (D:4)
  A scorpion (D:4)
  A leopard gecko skeleton (D:4)
4 creatures vanquished.

Grand Total: 62 creatures vanquished

Notes
Turn   | Place    | Note
-------+----------+-------------------------------------------
     0 | D:5      | RaHiT the Octopode Delver began the quest for the Orb.
     0 | D:5      | Reached XP level 1. HP: 16/16 MP: 1/1
    11 | D:5      | Noticed a jelly
    27 | D:4      | Noticed Sigmund
    35 | D:4      | Noticed a centaur
    41 | D:4      | Found a staircase to the Ecumenical Temple.
    58 | D:4      | Noticed a scorpion
    72 | D:4      | Found a shimmering altar of Xom.
   124 | D:1      | You fall into a shaft and drop 1 floor!
   124 | D:2      | Found a stormy altar of Qazlal.
   127 | D:2      | Reached skill level 7 in Stealth
   455 | D:2      | Reached XP level 2. HP: 18/21 MP: 2/2
   612 | D:1      | Reached XP level 3. HP: 23/26 MP: 3/3
   711 | D:1      | Reached skill level 1 in Evocations
  1094 | D:2      | Found a shimmering altar of Xom.
  1095 | D:2      | Found a hazy altar of Hepliaklqana.
  1096 | D:2      | Noticed a spectral ugly thing
  1096 | D:2      | Noticed a tentacled monstrosity
  1096 | D:2      | Noticed a tentacled monstrosity
  1126 | D:2      | Found an ornate altar of the Wu Jian Council.
  1321 | D:2      | Found a bloodstained altar of Trog.
  1327 | D:2      | Found an ancient bone altar of Kikubaaqudgha.
  1327 | D:2      | Found a shadowy altar of Dithmenos.
  1394 | D:2      | Reached skill level 1 in Spellcasting
  1804 | D:3      | Reached XP level 4. HP: 31/31 MP: 5/5
  1809 | D:3      | Learned a level 4 spell: Petrify
  1854 | D:3      | Learned a level 1 spell: Apportation
  2129 | D:3      | Found a radiant altar of Vehumet.
  2166 | D:3      | Found a white marble altar of Elyvilon.
  2450 | D:4      | Killed a centaur
  2488 | D:4      | Found a glowing silver altar of Zin.
  2488 | D:4      | Noticed an angel
  2646 | D:4      | Killed Sigmund
  2894 | D:4      | Reached skill level 1 in Transmutations
  2894 | D:4      | Reached skill level 1 in Earth Magic
  2894 | D:4      | Reached XP level 5. HP: 20/36 MP: 6/6
  3096 | D:4      | Splashed by a jelly's acid

Illustrated notes

Levels and vault maps discovered:
D:1:      psy_arrival_statuary, layout_rooms
D:2:      layout_loops_cross, nzn_wu_jian_council_hall,
          regret_index_temple_of_mockery, grunt_qazlal_clouds, minitemple
D:3:      layout_basic, elyvilon_altar_1, vehumet_crystals
D:4:      layout_loops_corners, zin_angel, fedhas_bush_and_centaur_altar,
          lemuel_temple_firewalk_a, dk_xom_monty_hall, uniq_sigmund
D:5:      layout_cave_pools, kennysheep_generic_room_3, uniq_prince_ribbit1

Skill      XL: |  1  2  3  4  5 |
---------------+----------------+-----
Stealth        | 7 |  7.0
Evocations     | 1 2 |  2.6
Dodging        | 3 4 |  4.0
Spellcasting   | 1 |  1.0
Transmutations | 1 |  1.0
Earth Magic    | 1 |  1.0
Fighting       | |  3.1
Unarmed Combat | |  2.0

Action                   |  1- 3 |  4- 6 || total
-------------------------+-------+-------++-------
Melee: Unarmed           |   101 |    34 ||   135
       Constrict         |    29 |     9 ||    38
       Tentacles         |    17 |    11 ||    28
       Punch             |     1 |     1 ||     2
       Dagger            |       |    18 ||    18
Throw: Stone             |     1 |     5 ||     6
       Dart              |       |     7 ||     7
Evoke: Wand              |     2 |       ||     2
  Use: Scroll            |     7 |     1 ||     8
       Potion            |     1 |       ||     1
 Stab: Sleeping          |    12 |     8 ||    20
Armor: Skin              |    13 |     3 ||    16
Dodge: Dodged            |    67 |    24 ||    91
